 Dungeon Crawl Stone Soup version 0.22-a0-348-gd16d139 (webtiles) character file.

11647 BaronVonScrub the Earth Mage (level 12, -18/81 HPs)
             Began as a Formicid Earth Elementalist on Apr 11, 2018.
             Was a Follower of Ashenzari.
             Killed from afar by Azrael (54 damage)
             ... with damnation
             ... on level 12 of the Dungeon.
             The game lasted 01:25:51 (18872 turns).

BaronVonScrub the Earth Mage (FoEE)                Turns: 18872, Time: 01:25:53

Health: -18/81     AC: 11    Str: 17      XL:     12   Next: 10%
Magic:  7/23       EV: 12    Int: 15 (18) God:    Ashenzari [*.....]
Gold:   508        SH:  3    Dex: 14 (15) Spells: 12/32 levels left

rFire    . . .     SeeInvis +   g - +0 dagger (drain) (curse)
rCold    . . .     Gourm    .   (no shield)
rNeg     . . .     Faith    .   F - +2 robe {Archmagi} (curse)
rPois    +         Spirit   .   (helmet unavailable)
rElec    .         Reflect  +   E - +0 cloak (curse)
rCorr    .         Harm     .   f - +2 pair of gloves (curse)
MR       +....                  j - +2 pair of boots {Stlth+} (curse)
Stlth    +++++.....             k - +3 amulet of reflection (curse)
HPRegen  0.23/turn              e - +4 ring of dexterity (curse)
MPRegen  0.18/turn              m - ring of stealth (curse)

@: no status effects
A: permanent stasis, dig shafts and tunnels, four strong arms, antennae 3, low
mp 1, poison resistance, strong 1
a: Dig, Shaft Self, Curse Item, Scrying, Renounce Religion


You were on level 12 of the Dungeon.
You worshipped Ashenzari.
Ashenzari was aware of your devotion.
You were not hungry.

You visited 2 branches of the dungeon, and saw 14 of its levels.
You also visited: Ossuary.

You collected 1068 gold pieces.
You spent 560 gold pieces at shops.

Inventory:

Hand Weapons
 g - a cursed +0 dagger of draining (weapon)
 A - a cursed +4 longbow of freezing
 D - a cursed -3 dagger
Missiles
 i - 51 stones (quivered)
 G - 104 arrows
Armour
 c - a +0 robe
 f - a cursed +2 pair of gloves (worn)
 j - a cursed +2 pair of boots of stealth (worn)
 E - a cursed +0 cloak (worn)
 F - a cursed +2 robe of the Archmagi (worn)
Jewellery
 e - a cursed +4 ring of dexterity (left hand)
 h - an uncursed ring of positive energy
 k - a cursed +3 amulet of reflection (around neck)
 m - a cursed ring of stealth (right hand)
 n - an uncursed ring of fire
 u - an uncursed amulet of guardian spirit
 v - an uncursed ring of protection from magic
 x - an uncursed amulet of magic regeneration
Wands
 r - a wand of polymorph (4)
 t - a wand of flame (34)
 w - a wand of random effects (47)
 K - a wand of acid (5)
Scrolls
 a - 7 scrolls of teleportation
 o - 5 scrolls of magic mapping
 p - a scroll of immolation
 s - 9 scrolls of identify
 y - a scroll of amnesia
 B - 3 scrolls of fear
 C - a scroll of enchant armour
Potions
 b - 2 potions of might
 l - a potion of flight
 q - 2 potions of degeneration
 z - 2 potions of haste
Comestibles
 d - 19 rations


   Skills:
 - Level 3.0 Fighting
 + Level 1.0 Short Blades
 - Level 1.7 Dodging
 + Level 4.1 Stealth
 + Level 10.5 Spellcasting
 - Level 1.0 Conjurations
 * Level 7.0 Transmutations
 * Level 15.2 Earth Magic


You had 12 spell levels left.
You knew the following spells:

 Your Spells              Type           Power        Failure   Level  Hunger
a - Sandblast             Erth           ######       0%          1    None
b - Passwall              Tmut/Erth      ######....   1%          2    None
c - Stone Arrow           Conj/Erth      #####.       1%          3    None
d - Petrify               Tmut/Erth      ######..     1%          4    ###....
e - Lee's Rapid Deconstr  Erth           ######....   1%          5    #####..
f - Sticks to Snakes      Tmut           #####...     1%          2    None
g - Freeze                Ice            ##..         10%         1    None
h - Throw Frost           Conj/Ice       ##....       11%         2    None


Dungeon Overview and Level Annotations

Branches:
Dungeon (13/15)            Temple (1/1) D:4            Lair (0/6) D:10
    Orc (0/2) D:10
 Vaults: D:13-14

Altars:
Ashenzari
Cheibriados
Dithmenos
Elyvilon
Fedhas
Gozag
Hepliaklqana
Kikubaaqudgha
Makhleb
Nemelex Xobeh
Okawaru
Qazlal
Ru
Sif Muna
Trog
Uskayaw
Vehumet
Wu Jian
Xom
Yredelemnul
Zin
The Shining One

Shops:
D:5 *   D:9 ?   D:10 (

Annotations:
D:12 Azrael


Innate Abilities, Weirdness & Mutations

You cannot be hasted, slowed, berserked, paralysed or teleported.
You can dig through walls and to a lower floor.
Your four strong arms can wield two-handed weapons with a shield.
You have a pair of large antennae on your head. (SInv)
Your magical capacity is low. (-10% MP)
Your system is resistant to poisons. (rPois)
Your muscles are strong. (Str +2)


Message History

Press: ? - help, Shift-Dir - straight line, f/p - Azrael
Aim: Azrael, wielding a scimitar of flaming (heavily wounded)
You feel a surge of power!
The blast of sand hits Azrael.
Azrael is severely wounded.
i - 52 stones Azrael gestures at you.
The fireball explodes!
The fireball engulfs you!
The fireball engulfs Azrael.
Azrael completely resists.
Casting: Sandblast (safe; 0% risk of failure)
Confirm with . or Enter, or press ? or * to list all spells.
Aiming: Sandblast (safe; 0% risk of failure)
Press: ? - help, Shift-Dir - straight line, f/p - Azrael
Aim: Azrael, wielding a scimitar of flaming (severely wounded)
You feel a surge of power!
The blast of sand hits Azrael.
Azrael is almost dead.
i - 51 stones Azrael gestures at you.
The sphere of damnation explodes!
The damnation engulfs you!
Ouch! That really hurt!
You die...

#.###.# #.# #.# #..... #.#
#.# #..§.. ##### #.###.####
+.§... ...###### #.#...#...
.§..#########......#
#.#.###†##
...§<.#...........#
#.#...#.#.
#.§§§#...........###.###.#...
+§§.'......@..††[.....>...#.
#.....(...#.R######.##.##.#.
#......[..##...§# #.##.##.##
##.[.#..§.§.....# #....##.#
#..$#..........###.#####>#
#...#.._........##.....#.#
#...#...........##.###.#..
#####..........)))..##.#..
###.........##.###.# ∩


You could see Azrael.

Vanquished Creatures
  A two-headed ogre (D:9)
  2 unseen horrors (D:11)
  A lindwurm (D:10)
  A centaur zombie (D:11)
  A water nymph (D:10)
  4 kobold demonologists (D:10)
  A hornet (D:9)
  2 hippogriffs
  3 fire elementals
  3 hungry ghosts
  5 yaks (D:11)
  A steam dragon (D:8)
  6 hell hounds
  A water moccasin (D:9)
  A hornet zombie (D:11)
  An ice beast (D:6)
  2 black bears
  7 orc warriors
  2 sky beasts
  2 phantoms
  7 ogres
  4 centaurs
  4 bullfrogs
  A gnoll sergeant (D:8)
  A water moccasin zombie (D:8)
  2 scorpions
  A water moccasin skeleton (D:9)
  4 wights (D:8)
  A howler monkey (D:5)
  7 crimson imps
  2 jellies
  2 quasits
  3 bullfrog zombies
  3 hounds
  5 orc priests
  14 orc wizards
  2 bullfrog skeletons
  6 worker ants
  2 big kobold zombies (Ossuary)
  6 ogre zombies (D:10)
  2 hound skeletons
  A mummy (D:4)
  A worker ant zombie (D:10)
  A howler monkey skeleton (D:5)
  A howler monkey zombie (D:5)
  7 gnolls
  11 adders
  7 shadow imps
  An ooze (D:1)
  An adder zombie (D:8)
  2 adder skeletons
  2 worms
  2 dart slugs
  10 leopard geckos
  51 orcs
  6 giant cockroaches
  10 goblins
  2 hobgoblins
  13 jackals
  10 kobolds
  6 quokkas
  3 ball pythons
  9 bats
  4 frilled lizards
  A goblin zombie (D:10)
  A hobgoblin zombie (D:10)
  2 jackal zombies
  2 leopard gecko skeletons
  A leopard gecko zombie (D:8)
  17 orc zombies (D:10)
  9 rats
320 creatures vanquished.

Vanquished Creatures (others)
  A leopard gecko (D:3)
1 creature vanquished.

Grand Total: 321 creatures vanquished

Notes
Turn   | Place    | Note
-------+----------+-------------------------------------------
     0 | D:1      | BaronVonScrub the Formicid Earth Elementalist began the quest for the Orb.
     0 | D:1      | Reached XP level 1. HP: 13/13 MP: 3/3
    97 | D:1      | Reached skill level 4 in Earth Magic
    97 | D:1      | Reached XP level 2. HP: 12/19 MP: 1/5
   201 | D:1      | Learned a level 2 spell: Passwall
   556 | D:1      | Reached XP level 3. HP: 24/24 MP: 3/6
  1454 | D:2      | Reached XP level 4. HP: 31/31 MP: 4/8
  1459 | D:2      | Learned a level 3 spell: Stone Arrow
  1654 | D:2      | Reached skill level 1 in Fighting
  2392 | D:2      | Found a sparkling altar of Nemelex Xobeh.
  2403 | D:2      | Reached skill level 5 in Earth Magic
  2412 | D:2      | Reached XP level 5. HP: 26/37 MP: 0/10
  3360 | D:3      | Found a shadowy altar of Dithmenos.
  3567 | D:3      | Reached XP level 6. HP: 44/44 MP: 2/11
  3792 | D:3      | Learned a level 4 spell: Petrify
  3857 | D:3      | Found a white marble altar of Elyvilon.
  4316 | D:4      | Found a shimmering altar of Xom.
  4463 | D:4      | Found a sand-covered staircase.
  4478 | Ossuary  | Entered an ossuary
  4889 | D:4      | You fall through a shaft!
  4889 | D:5      | Entered Level 5 of the Dungeon
  5064 | D:5      | Reached skill level 6 in Earth Magic
  5064 | D:5      | Reached XP level 7. HP: 51/51 MP: 10/13
  5080 | D:5      | Found a stormy altar of Qazlal.
  5113 | D:5      | Learned a level 5 spell: Lee's Rapid Deconstruction
  5389 | D:5      | Gained mutation: Your magical capacity is low. (-10% MP) [potion of mutation]
  5389 | D:5      | Gained mutation: Your muscles are strong. (Str +2) [potion of mutation]
  5389 | D:5      | Gained mutation: Your system is resistant to poisons. (rPois) [potion of mutation]
  6081 | D:4      | Found a staircase to the Ecumenical Temple.
  6083 | D:4      | Found a faded altar of an unknown god.
  6090 | Temple   | Entered the Ecumenical Temple
  6245 | Temple   | Became a worshipper of Ashenzari the Shackled
  6419 | D:4      | Found an ancient bone altar of Kikubaaqudgha.
  6419 | D:4      | Found a glowing golden altar of the Shining One.
  6557 | D:5      | Reached skill level 5 in Spellcasting
  6643 | D:5      | Found a glowing silver altar of Zin.
  7017 | D:5      | Found Liruesm's General Store.
  7024 | D:5      | Bought a scroll of remove curse for 39 gold pieces
  7024 | D:5      | Bought a +0 pair of boots of stealth for 149 gold pieces
  7024 | D:5      | Bought 12 stones for 15 gold pieces
  7376 | D:5      | You fall through a shaft!
  7786 | D:6      | Found a snail-covered altar of Cheibriados.
  7997 | D:6      | Reached XP level 8. HP: 54/57 MP: 5/15
  8003 | D:6      | Reached skill level 7 in Earth Magic
  8117 | D:6      | Reached skill level 1 in Conjurations
  8264 | D:6      | Found a burning altar of Makhleb.
  8454 | D:7      | Found a deep blue altar of Sif Muna.
  8455 | D:7      | Found a bloodstained altar of Trog.
  8537 | D:7      | Reached skill level 8 in Earth Magic
  9015 | D:7      | Noticed a two-headed ogre
  9274 | D:7      | Reached XP level 9. HP: 63/63 MP: 11/17
  9606 | D:8      | Reached skill level 9 in Earth Magic
  9973 | D:8      | Noticed a hippogriff
  9978 | D:8      | Killed a hippogriff
 10207 | D:8      | Reached skill level 10 in Earth Magic
 10373 | D:8      | Reached * piety under Ashenzari
 10579 | D:8      | You fall through a shaft for 3 floors!
 10829 | D:10     | Entered Level 10 of the Dungeon
 10886 | D:10     | Reached skill level 1 in Short Blades
 11082 | D:10     | Reached skill level 11 in Earth Magic
 11082 | D:10     | Reached XP level 10. HP: 70/70 MP: 6/19
 11140 | D:10     | Noticed a two-headed ogre
 11142 | D:10     | Noticed a water nymph
 11142 | D:10     | a two-headed ogre changed into a water nymph
 11147 | D:10     | Killed a water nymph
 11367 | D:10     | Found a staircase to the Orcish Mines.
 11789 | D:10     | Found a staircase to the Lair.
 11952 | D:10     | Found Jiykkile's Weapon Emporium.
 12089 | D:10     | Noticed a kobold demonologist
 12089 | D:10     | Noticed a kobold demonologist
 12089 | D:10     | Noticed a kobold demonologist
 12089 | D:10     | Noticed a kobold demonologist
 12132 | D:10     | You fall through a shaft!
 12278 | D:11     | Reached skill level 5 in Transmutations
 12857 | D:11     | Reached skill level 12 in Earth Magic
 12862 | D:11     | You fall through a shaft for 2 floors!
 13026 | D:11     | Noticed an unseen horror
 13034 | D:11     | Killed an unseen horror
 13134 | D:11     | Noticed an unseen horror
 13437 | D:11     | Killed an unseen horror
 13437 | D:11     | Reached skill level 13 in Earth Magic
 13437 | D:11     | Reached XP level 11. HP: 75/75 MP: 13/21
 14573 | D:10     | Reached skill level 14 in Earth Magic
 14579 | D:10     | Noticed a sun demon
 14580 | D:10     | Noticed a sixfirhy
 14748 | D:10     | Noticed Urug
 15301 | D:10     | You fall through a shaft!
 15534 | D:10     | Noticed Urug
 15534 | D:10     | Urug changed into Urug the lindwurm
 15540 | D:10     | Killed Urug the lindwurm
 16073 | D:9      | Noticed a two-headed ogre
 16078 | D:9      | Killed a two-headed ogre
 16078 | D:9      | Reached skill level 10 in Spellcasting
 16189 | D:9      | Found Enus's Magic Scroll Shoppe.
 16199 | D:9      | Bought a scroll of enchant armour for 105 gold pieces
 16199 | D:9      | Bought a scroll of remove curse for 42 gold pieces
 16199 | D:9      | Bought a scroll of enchant armour for 105 gold pieces
 16199 | D:9      | Bought a scroll of enchant armour for 105 gold pieces
 16206 | D:9      | Identified a scroll of acquirement
 16599 | D:9      | Found an ornate altar of the Wu Jian Council.
 17829 | D:5      | Identified the cursed +0 scale mail "Exoeluqong" {rN+} (You took it off an orc priest on level 5 of the Dungeon)
 18180 | D:12     | Reached skill level 15 in Earth Magic
 18428 | D:12     | Reached XP level 12. HP: 81/81 MP: 3/23
 18536 | D:12     | Found a blossoming altar of Fedhas.
 18607 | D:12     | Learned a level 2 spell: Sticks to Snakes
 18609 | D:12     | Learned a level 1 spell: Freeze
 18612 | D:12     | Learned a level 2 spell: Throw Frost
 18646 | D:12     | Noticed Azrael
 18872 | D:12     | Killed from afar by Azrael

Vault maps used:
D:1:      shiori_arrival_maze
D:2:      nicolae_overflow_crystal_walls, first_ration, interstate_on_off,
          minmay_tiny_reverse_x
D:3:      nicolae_dithmenos_shadow_blocks, elyvilon_altar_4
D:4:      overflow_temple_1_default, gammafunk_temple_overflow_wave,
          nicolae_temple_entry_ecumenical, gup_ossuary_entry_pyramid
D:5:      zin_treasury, nicolae_overflow_hidden_temple, serial_shops, shop
D:6:      makhleb_grotto_becter, kennysheep_slug_shrine
D:7:      chequers_temple_overflow_statue_of_worship
D:9:      old_standard_altar, serial_shops, shop_fountains
D:10:     minmay_goldmine, minmay_lair_entry_lava, zombieorc1_lemuel,
          serial_shops, shop, uniq_urug
D:12:     minmay_the_grid_triangle_9x9_rhombus_full, basic_altar, special_room,
          enter_bailey_2, uniq_azrael
D:13:     portal_ice_cave_entry_imps, basic_altar, uniq_nessos
Temple:   compressed_dpeg_circular_temple
Ossuary:  ossuary_minmay_tomb_2a

Skill      XL: |  1  2  3  4  5  6  7  8  9 10 11 12 |
---------------+-------------------------------------+-----
Earth Magic    | 4 5 6 8 11 13 15 | 15.2
Spellcasting   | 3 4 5 6 8 9 10 | 10.5
Fighting       | 1 2 3 |  3.0
Stealth        | 3 4 |  4.1
Conjurations   | 1 |  1.0
Transmutations | 2 3 5 6 7 |  7.0
Short Blades   | 1 |  1.0
Dodging        | |  1.7

Action                   |  1- 3 |  4- 6 |  7- 9 | 10-12 || total
-------------------------+-------+-------+-------+-------++-------
Melee: Unarmed           |     2 |       |       |       ||     2
       Dagger            |    33 |    33 |    33 |    10 ||   109
 Cast: Sandblast         |    45 |    83 |   110 |   137 ||   375
       Stone Arrow       |       |    36 |    56 |   117 ||   209
       Passwall          |       |     1 |     1 |     1 ||     3
       Lee's Rapid Decon |       |       |     6 |    23 ||    29
Invok: Curse Item        |       |       |     1 |     7 ||     8
       Scrying           |       |       |       |     8 ||     8
 Abil: Shaft Self        |       |     1 |     2 |     3 ||     6
       Dig               |       |       |     9 |     6 ||    15
Evoke: Wand              |       |       |     6 |     7 ||    13
  Use: Scroll            |     1 |       |    13 |     9 ||    23
       Potion            |       |       |     8 |     2 ||    10
 Stab: Sleeping          |       |     1 |     1 |       ||     2
  Eat: Chunk             |     2 |    13 |    15 |    12 ||    42
       Ration            |       |     1 |     4 |     6 ||    11
Armor: Robe              |    14 |    11 |    13 |    24 ||    62
Dodge: Dodged            |    55 |    51 |    32 |    62 ||   200
Block: Other             |       |       |     5 |     6 ||    11
       Reflection        |       |       |       |     2 ||     2

Table legend:
 A = Spawn XP
 B = Non-spawn XP
 C = Spawn XP percentage of total XP
 D = Spawn monster count
 E = Non-spawn monster count
 F = Spawn count percentage of total count
 G = Total turns spent on level
                    A         B        C        D         E        F      G
               +---------+---------+-------+---------+---------+-------+---------
         Total |       0 |   16639 |   0.0 |       0 |     320 |   0.0 | 18872
               +---------+---------+-------+---------+---------+-------+---------
           D:1 |       0 |      45 |   0.0 |       0 |      24 |   0.0 |  1068
           D:2 |       0 |     116 |   0.0 |       0 |      30 |   0.0 |  1791
           D:3 |       0 |     128 |   0.0 |       0 |      26 |   0.0 |  1357
           D:4 |       0 |     213 |   0.0 |       0 |      23 |   0.0 |  1578
           D:5 |       0 |     348 |   0.0 |       0 |      18 |   0.0 |  1636
           D:6 |       0 |     489 |   0.0 |       0 |      15 |   0.0 |  1181
           D:7 |       0 |     725 |   0.0 |       0 |      10 |   0.0 |  1385
           D:8 |       0 |    1285 |   0.0 |       0 |      27 |   0.0 |  1164
           D:9 |       0 |    2606 |   0.0 |       0 |      21 |   0.0 |  1120
          D:10 |       0 |    4642 |   0.0 |       0 |      65 |   0.0 |  2532
          D:11 |       0 |    3894 |   0.0 |       0 |      32 |   0.0 |  3016
          D:12 |       0 |    1903 |   0.0 |       0 |      25 |   0.0 |   427
          D:13 |       0 |     192 |   0.0 |       0 |       1 |   0.0 |   316
       Ossuary |       0 |      53 |   0.0 |       0 |       3 |   0.0 |    29
               +---------+---------+-------+---------+---------+-------+---------
